 Dungeon Crawl Stone Soup version 0.31.0-9-g3a7656b989 (webtiles) character file.

Game seed: 13398142783897699724

58 qw the Shooter (level 3, -2/20 HPs)
             Began as a Deep Elf Hunter on Feb 2, 2024.
             Slain by a goblin
             ... wielding a +0 dagger
             ... led by Robin
              (3 damage)
             ... on level 2 of the Dungeon.
             The game lasted 00:00:04 (1463 turns).

qw the Shooter (Deep Elf Hunter)                    Turns: 1463, Time: 00:00:04

Health: -2/20      AC:  3    Str: 10    XL:     3   Next: 75%
Magic:  5/5        EV: 12    Int: 13    God:
Gold:   91         SH:  0    Dex: 18    Spells: 2/2 levels left

rFire   . . .        a - +2 shortbow
rCold   . . .        (shield currently unavailable)
rNeg    . . .        c - +0 leather armour
rPois   .            (no helmet)
rElec   .            (no cloak)
rCorr   .            (no gloves)
SInv    .            (no boots)
Will    .....        (no amulet)
Stlth   ++           (no ring)
HPRegen 0.23/turn    (no ring)
MPRegen 0.09/turn

%: no passive effects
@: no status effects
A: no striking features
a: no special abilities


You were on level 2 of the Dungeon.
You visited 1 branch of the dungeon, and saw 2 of its levels.

You collected 91 gold pieces.


   Skills:
 - Level 1.5 Fighting
 + Level 7.2 Ranged Weapons
 - Level 2.4 Dodging
 - Level 1.2 Stealth


You had 2 spell levels left.
You didn't know any spells.
Your spell library was empty.

Inventory:

Hand Weapons
 a - a +2 shortbow (weapon)
Armour
 b - a +2 pair of gloves
 c - a +0 leather armour (worn)
Jewellery
 i - a ring of ice
Scrolls
 d - a scroll of blinking {unknown}
 f - a scroll of noise {unknown}
 j - 2 scrolls of identify
 k - a scroll of fear {unknown}
Potions
 e - a potion of brilliance {unknown}
 g - a potion of enlightenment
 h - a potion of curing {unknown}

Dungeon Overview and Level Annotations

Branches:
Dungeon (2/15)

Altars:

Annotations:
D:2 1 runed translucent door, Crazy Yiuf


Message History

Robin is moderately wounded.
Robin barely misses you.
You shoot an arrow. The arrow hits Robin.
Robin is heavily wounded.
Robin hits you from afar with a +0 spear.
A goblin comes into view. It is wielding a +0 dagger.
You shoot an arrow. The arrow hits Robin.
Robin is severely wounded.
Robin hits you but does no damage.
You shoot an arrow. The arrow hits Robin!
You kill Robin!
A goblin comes into view. It is wielding a +0 club.
A goblin comes into view. It is wielding a +0 dagger. x3
The goblin moves out of view.
You shoot an arrow. The arrow hits the goblin.
The goblin is severely wounded.
The goblin closely misses you.
A goblin comes into view. It is wielding a +0 club.
You shoot an arrow. The arrow barely misses the goblin.
The arrow hits the goblin.
The goblin is severely wounded.
The goblin hits you with a +0 dagger.
You shoot an arrow. The arrow barely misses the goblin.
The goblin hits you with a +0 dagger.
You shoot an arrow. The arrow barely misses the goblin.
The goblin no longer looks unusually strong.
The goblin misses you.
The goblin hits you with a +0 dagger. x2
You shoot an arrow. The arrow hits the goblin.
You kill the goblin!
The goblin barely misses you. The goblin hits you with a +0 club.
You shoot an arrow. The arrow hits the goblin.
You kill the goblin!
The goblin no longer looks unusually strong.
The goblin closely misses you. The goblin hits you with a +0 club.
You shoot an arrow. The arrow hits the goblin.
You kill the goblin!
The goblin no longer looks unusually strong.
A hobgoblin comes into view.
The goblin misses you.
The goblin hits you with a +0 dagger. x2
You die...

#.#......# #.# #......
#.#......####'### ##......
#.#.............# #.......
#####.#.............###.#.....
#.....................#.#..<..
#.#...%.....g.......#.#.######
##.#.#.#.#####)......#.#.......
#....#.#.# #gg...............
#....#.#.#####@g.....#.######..
##.%..#.#.##..)...........# #..
#.....#.#.##.##<#######.#.####..
#.....#.#.##.##.# #.........
#.###.#.#.##.##.#########......#
#.# #.#.#.##.##.#..........#....
#.# #.#...##.##.#.########.#..##
#.# #.#.####.##.#.#.# #....#..#
##.# #.#.# #.##.#.#.###.####..#


You could see a hobgoblin (strong) and 3 goblins.

Vanquished Creatures
  Robin (D:2)
  An adder (D:2)
  A ribbon worm (D:2)
  5 bats (D:2)
  2 endoplasms (D:1)
  A giant cockroach (D:1)
  4 goblins (D:2)
  7 hobgoblins
  A quokka (D:1)
  A ball python (D:1)
  2 frilled lizards
  3 kobolds (D:2)
  4 rats
33 creatures vanquished.

Notes
Turn   | Place    | Note
-------+----------+-------------------------------------------
     0 | D:1      | qw the Deep Elf Hunter began the quest for the Orb.
     0 | D:1      | Reached XP level 1. HP: 12/12 MP: 3/3
     0 | D:1      | 0 ||| qw: Version: 0.3-a-155-g5e7d8dd
     0 | D:1      | 0 ||| qw: Game counter: 897
     0 | D:1      | 0 ||| qw: Melee chars always use a shield: true
     0 | D:1      | 0 ||| qw: God list: Okawaru
     0 | D:1      | 0 ||| qw: Allow faded altars: false
     0 | D:1      | 0 ||| qw: Do Orc after clearing Dungeon:15 true
     0 | D:1      | 0 ||| qw: Do second Lair branch before Depths: true
     0 | D:1      | 0 ||| qw: Lair rune preference: random
     0 | D:1      | 0 ||| qw: Goals: Normal
     0 | D:1      | 0 ||| PLANNING D:1-11
   258 | D:1      | Reached XP level 2. HP: 16/16 MP: 4/4
   380 | D:1      | Reached skill level 6 in Ranged Weapons
   663 | D:1      | 663 ||| READING scroll labelled LAPSUW GYRE.
   664 | D:1      | 664 ||| READING 3 scrolls labelled HIZYTINNIK.
   664 | D:1      | 664 ||| IDENTIFYING fuming purple potion
   665 | D:1      | 665 ||| READING 2 scrolls of identify.
   665 | D:1      | 665 ||| IDENTIFYING 2 pink potions
   666 | D:1      | 666 ||| READING scroll of identify.
   666 | D:1      | 666 ||| IDENTIFYING scroll labelled ULAULE SEPA
   667 | D:1      | 667 ||| READING 2 scrolls labelled OMIAPEU CEFAECHA.
   667 | D:1      | 667 ||| ENCHANTING +0 shortbow.
   668 | D:1      | 668 ||| READING scroll of enchant weapon.
   668 | D:1      | 668 ||| ENCHANTING +1 shortbow.
   669 | D:1      | 669 ||| READING scroll labelled ZOEMUPAXYCK.
   672 | D:1      | 672 ||| DROPPING scroll of butterflies.
   673 | D:1      | 673 ||| DROPPING 2 potions of degeneration.
   674 | D:1      | 674 ||| DROPPING scroll of fog.
   834 | D:2      | Found a runed translucent door.
   835 | D:2      | Noticed Crazy Yiuf
  1159 | D:2      | Reached XP level 3. HP: 20/20 MP: 5/5
  1363 | D:2      | 1363 ||| FLEEEEING.
  1364 | D:2      | 1364 ||| FLEEEEING.
  1365 | D:2      | 1365 ||| FLEEEEING.
  1366 | D:2      | 1366 ||| FLEEEEING.
  1367 | D:2      | 1367 ||| FLEEEEING.
  1368 | D:2      | 1368 ||| FLEEEEING.
  1369 | D:2      | 1369 ||| FLEEEEING.
  1370 | D:2      | 1370 ||| FLEEEEING.
  1448 | D:2      | Noticed Robin
  1452 | D:2      | Reached skill level 7 in Ranged Weapons
  1456 | D:2      | Killed Robin
  1461 | D:2      | HP: 5/20 [goblin/+0 club[Robin] (6)]
  1462 | D:2      | HP: 2/20 [goblin/+0 club[Robin] (3)]
  1463 | D:2      | Slain by a goblin

Levels and vault maps discovered:
D:1:      saegor_arrival_miasma, layout_loops_ring
D:2:      layout_basic, hex_intersection, uniq_robin, uniq_crazy_yiuf_cottage

Skill      XL: |  1  2  3 |
---------------+----------+-----
Ranged Weapons | 6 7 |  7.2
Fighting       | |  1.5
Dodging        | |  2.4
Stealth        | |  1.2

Action                     || total
---------------------------++-------
   Fire: Shortbow          ||    82
    Use: Scroll            ||     7
 Armour: Leather armour    ||    21
  Dodge: Dodged            ||    16

Table legend:
 A = Non-vault XP
 B = Vault XP
 C = Vault XP percentage of total XP
 D = Non-vault monster count
 E = Vault monster count
 F = Vault count percentage of total count
                 A         B        C        D         E       F
            +---------+---------+-------+---------+---------+-------
      Total |      56 |      29 |  34.1 |      25 |       8 |  24.2
            +---------+---------+-------+---------+---------+-------
        D:1 |      17 |       0 |   0.0 |      10 |       0 |   0.0
        D:2 |      39 |      29 |  42.6 |      15 |       8 |  34.8
            +---------+---------+-------+---------+---------+-------
